 Dungeon Crawl Stone Soup version 0.22.1-5-g62c59d919a (webtiles) character file.

1387 Peloso the Slasher (level 8, -2/70 HPs)
             Began as a Minotaur Fighter on Jan 12, 2019.
             Shot with an arrow by a centaur (6 damage)
             ... on level 6 of the Dungeon.
             The game lasted 00:09:18 (4467 turns).

Peloso the Slasher (Minotaur Fighter)               Turns: 4467, Time: 00:09:19

Health: -2/70      AC: 13    Str: 21    XL:     8   Next: 40%
Magic:  0/7        EV:  7    Int:  5    God:
Gold:   261        SH: 10    Dex: 12    Spells: 7/7 levels left

rFire    . . .     SeeInvis .   a - +0 long sword
rCold    . . .     Gourm    .   c - +0 shield
rNeg     . . .     Faith    .   t - +0 chain mail
rPois    .         Spirit   +   (helmet restricted)
rElec    .         Reflect  .   p - +2 cloak
rCorr    .         Harm     .   (no gloves)
MR       .....                  (no boots)
Stlth    ..........             q - amulet of guardian spirit
HPRegen  0.21/turn              (no ring)
MPRegen  0.10/turn              (no ring)

@: no status effects
A: retaliatory headbutt, horns 2
a: no special abilities


You were on level 6 of the Dungeon.
You were not hungry.

You visited 1 branch of the dungeon, and saw 6 of its levels.

You collected 261 gold pieces.

Inventory:

Hand Weapons
 a - a +0 long sword (weapon)
 r - a +3 hand axe
Armour
 b - a +0 scale mail
 c - a +0 shield (worn)
 p - a +2 cloak (worn)
 t - a +0 chain mail (worn)
Jewellery
 q - an amulet of guardian spirit (around neck)
Wands
 i - a wand of flame (17)
Scrolls
 g - 4 scrolls of teleportation
 k - a scroll of remove curse
Potions
 d - a potion of might
 e - a potion of brilliance {unknown}
 h - 2 potions of curing
 j - a potion of heal wounds {unknown}
 l - a potion of ambrosia {unknown}
 m - 2 potions of haste {unknown}
 n - 3 potions of lignification
 o - a potion of berserk rage {unknown}
Comestibles
 f - 9 rations


   Skills:
 + Level 5.9 Fighting
 + Level 7.7 Long Blades
 + Level 6.6 Armour
 + Level 2.5 Dodging
 + Level 1.1 Stealth
 + Level 6.7 Shields
 + Level 0.2 Evocations


You had 7 spell levels left.
You didn't know any spells.
Your spell library was empty.

Dungeon Overview and Level Annotations

Branches:
Dungeon (6/15)
 Temple: D:4-7

Altars:
Ashenzari
Elyvilon
Fedhas
Kikubaaqudgha
Trog


Innate Abilities, Weirdness & Mutations

You reflexively headbutt those who attack you in melee.
You have a pair of horns on your head.


Message History

You kill the worker ant!
Found a quarterstaff.
The shadow imp spits at you.
A centaur comes into view.
The shadow imp hits you.
* * * LOW HITPOINT WARNING * * *
The centaur shouts!
You hit the shadow imp.
The shadow imp is lightly wounded.
The centaur wields a shortbow.
The centaur shoots an arrow.
The arrow hits you!
* * * LOW HITPOINT WARNING * * *
The shadow imp hits you but does no damage.
You closely miss the shadow imp.
The shadow imp is lightly wounded.
The centaur shoots an arrow.
You block the arrow. The shadow imp gestures at you.
Pain shoots through your body!
* * * LOW HITPOINT WARNING * * *
The centaur shoots an arrow.
The arrow hits you!
You die...

...............
#..............
#........).....
#..............
#..............
#..............
#..............
#......@.......
#......5.......
#.............c
#..........$...
#..............
#.........(....
#..............
#..............
#.............


You could see a centaur and a shadow imp.

Vanquished Creatures
  A water moccasin (D:6)
  A sky beast (D:5)
  2 phantoms
  3 centaurs
  A howler monkey (D:5)
  3 crimson imps
  3 hounds
  2 orc priests
  4 worker ants
  8 orc wizards
  3 adders
  2 oozes
  An adder zombie (D:3)
  4 worms
  A dart slug (D:2)
  2 leopard geckos
  23 orcs
  9 bats
  3 giant cockroaches
  5 goblins (D:1)
  6 hobgoblins
  3 jackals (D:1)
  6 kobolds
  3 quokkas
  13 frilled lizards
  9 rats
121 creatures vanquished.

Notes
Turn   | Place    | Note
-------+----------+-------------------------------------------
     0 | D:1      | Peloso the Minotaur Fighter began the quest for the Orb.
     0 | D:1      | Reached XP level 1. HP: 19/19 MP: 0/0
    19 | D:1      | Reached XP level 2. HP: 23/27 MP: 1/1
   186 | D:1      | Reached XP level 3. HP: 33/33 MP: 2/2
   488 | D:2      | Reached skill level 3 in Long Blades
  1318 | D:3      | Reached XP level 4. HP: 31/40 MP: 3/3
  1967 | D:4      | Found a bloodstained altar of Trog.
  2039 | D:4      | Reached skill level 4 in Long Blades
  2045 | D:4      | Reached XP level 5. HP: 7/47 MP: 4/4
  2453 | D:4      | Reached skill level 5 in Armour
  2453 | D:4      | Reached skill level 1 in Dodging
  2836 | D:5      | Entered Level 5 of the Dungeon
  2836 | D:5      | Noticed a centaur
  2844 | D:5      | Killed a centaur
  2844 | D:5      | Reached skill level 5 in Long Blades
  2844 | D:5      | Reached XP level 6. HP: 47/55 MP: 5/5
  2867 | D:5      | Reached skill level 5 in Shields
  3189 | D:5      | Reached skill level 5 in Fighting
  3202 | D:5      | Found a shattered altar of Ashenzari.
  3212 | D:5      | Found a white marble altar of Elyvilon.
  3214 | D:5      | Found a blossoming altar of Fedhas.
  3304 | D:5      | Reached XP level 7. HP: 51/61 MP: 6/6
  3368 | D:5      | Reached skill level 6 in Long Blades
  4057 | D:5      | Found a bloodstained altar of Trog.
  4198 | D:6      | Reached skill level 1 in Stealth
  4296 | D:6      | Reached skill level 7 in Long Blades
  4296 | D:6      | Reached XP level 8. HP: 34/70 MP: 7/7
  4406 | D:6      | Found an ancient bone altar of Kikubaaqudgha.
  4467 | D:6      | Shot with an arrow by a centaur

Skill      XL: |  1  2  3  4  5  6  7 |
---------------+----------------------+-----
Fighting       | 4 5 |  5.9
Shields        | 4 5 6 |  6.7
Armour         | 4 5 6 |  6.6
Long Blades    | 3 4 5 7 |  7.7
Dodging        | 1 2 |  2.5
Stealth        | 1 |  1.1
Evocations     | |  0.2

Action                   |  1- 3 |  4- 6 |  7- 9 || total
-------------------------+-------+-------+-------++-------
Melee: Long sword        |    94 |   125 |   138 ||   357
       Headbutt          |     9 |    20 |    32 ||    61
Evoke: Wand              |       |       |     4 ||     4
  Use: Scroll            |       |     7 |     2 ||     9
       Potion            |       |     1 |       ||     1
  Eat: Chunk             |     1 |     4 |     3 ||     8
       Ration            |       |     1 |       ||     1
Armor: Scale mail        |    53 |    67 |    55 ||   175
       Skin              |       |     5 |       ||     5
       Chain mail        |       |       |     9 ||     9
Dodge: Dodged            |    24 |    38 |    45 ||   107
Block: Shield            |    55 |    63 |    66 ||   184
       Rpst.: Long sword |     9 |    10 |    11 ||    30
